 Dungeon Crawl Stone Soup version 0.27.1-37-g7b29ead8ac (webtiles) character file.

Game seed: 5011355568551257032

23529 Twinkles the Summoner (level 13, -4/98 HPs)
             Began as a Gnoll Summoner on Apr 2, 2023.
             Was an Elder of Yredelemnul.
             Slain by a death yak (15 damage)
             ... on level 5 of the Lair of Beasts on Apr 7, 2023.
             The game lasted 01:52:19 (20576 turns).

Twinkles the Summoner (Gnoll Summoner)             Turns: 20576, Time: 01:52:20

Health: -4/98      AC:  8    Str: 10    XL:     13   Next: 7%
Magic:  24/26      EV: 16    Int: 21    God:    Yredelemnul [****..]
Gold:   816        SH:  0    Dex: 15    Spells: 4/30 levels left

rFire    . . .     SeeInvis .   n - +2 scimitar (flame)
rCold    . . .     Faith    .   (no shield)
rNeg     . . .     Spirit   .   G - +0 steam dragon scales
rPois    .         Reflect  .   (no helmet)
rElec    .         Harm     .   (no cloak)
rCorr    .         Rampage  .   b - +0 pair of gloves
Will     +....                  (no boots)
Stlth    ++++......             p - amulet of regeneration
HPRegen  1.26/turn              c - +6 ring of intelligence
MPRegen  0.20/turn              O - ring of willpower

@: no status effects
A: fangs 1, strong nose, distributed training
a: Renounce Religion, Recall Undead Slaves, Injury Mirror, Animate Dead, Drain
Life


You were on level 5 of the Lair of Beasts.
You worshipped Yredelemnul.
Yredelemnul was greatly pleased with you.
You visited 3 branches of the dungeon, and saw 17 of its levels.

You collected 953 gold pieces.
You spent 137 gold pieces at shops.

Inventory:

Hand Weapons
 g - a +0 great sword
 n - a +2 scimitar of flaming (weapon)
 o - a +3 dire flail of protection
 t - a +0 hunting sling
 u - a +1 dagger of freezing
 w - a +2 short sword of speed
 x - a +0 quarterstaff
Missiles
 l - 22 poisoned darts
 s - 115 sling bullets
 v - 6 throwing nets
 E - 6 javelins (quivered)
Armour
 a - a +0 robe
 b - a +0 pair of gloves (worn)
 G - +0 steam dragon scales (worn)
 K - a +0 leather armour
Jewellery
 c - a +6 ring of intelligence (left hand)
 e - a ring of see invisible
 k - an amulet of faith
 p - an amulet of regeneration (around neck)
 r - an amulet of the acrobat
 O - a ring of willpower (right hand)
Wands
 j - a wand of polymorph (15)
 q - a wand of flame (8)
 y - a wand of mindburst (20)
Scrolls
 d - 4 scrolls of amnesia
 f - a scroll of brand weapon {unknown}
 h - 2 scrolls of enchant weapon
 i - a scroll of holy word {unknown}
 m - a scroll of torment {unknown}
 z - a scroll of fear {unknown}
 C - a scroll of magic mapping {unknown}
 D - 6 scrolls of blinking
 F - 3 scrolls of fog
 M - a scroll of enchant armour {unknown}
 S - a scroll of summoning
 V - a scroll of vulnerability
 Y - 5 scrolls of teleportation
 Z - 4 scrolls of identify
Potions
 A - 3 potions of attraction
 B - a potion of brilliance
 H - 2 potions of haste
 I - a potion of invisibility
 J - a potion of curing
 L - 2 potions of flight
 N - a potion of heal wounds
 P - a potion of lignification
 Q - 2 potions of magic
 U - a potion of mutation


   Skills:
 + Level 7.9 Fighting
 + Level 7.9 Short Blades
 + Level 7.9 Long Blades
 + Level 7.9 Axes
 + Level 7.9 Maces & Flails
 + Level 7.9 Polearms
 + Level 7.9 Staves
 + Level 7.9 Slings
 + Level 7.9 Bows
 + Level 7.9 Crossbows
 + Level 7.9 Throwing
 + Level 7.9 Armour
 + Level 9.2 Dodging
 + Level 9.0 Stealth
 + Level 7.9 Shields
 + Level 7.9 Unarmed Combat
 + Level 9.4 Spellcasting
 + Level 6.6 Conjurations
 + Level 6.6 Hexes
 + Level 9.7 Summonings
 + Level 6.6 Necromancy
 + Level 6.6 Translocations
 + Level 6.6 Transmutations
 + Level 6.6 Fire Magic
 + Level 6.6 Ice Magic
 + Level 6.6 Air Magic
 + Level 6.6 Earth Magic
 + Level 6.6 Poison Magic
 + Level 8.7 Invocations
 + Level 7.9 Evocations


You had 4 spell levels left.
You knew the following spells:

 Your Spells              Type           Power      Damage    Failure   Level
a - Passwall              Tmut/Erth      30%        N/A       1%          2
b - Call Imp              Summ           50%        N/A       1%          2
c - Call Canine Familiar  Summ           50%        N/A       1%          3
d - Summon Lightning Spi  Summ/Air       44%        N/A       2%          4
e - Summon Guardian Gole  Hex/Summ       44%        N/A       1%          3
f - Swiftness             Air            37%        N/A       1%          3
g - Airstrike             Air            18%        N/A       4%          4
h - Lee's Rapid Deconstr  Erth           18%        3d12*     13%         5

Your spell library contained the following spells:

 Spells                   Type           Power      Damage    Failure   Level
 Beastly Appendage        Tmut           74%        N/A       1%          1
 Pain                     Necr           100%       1d9       1%          1
 Sandblast                Erth           74%        2d16      1%          1
 Shock                    Conj/Air       100%       1d9       1%          1
 Summon Small Mammal      Summ           100%       N/A       1%          1
 Corpse Rot               Necr/Air       N/A        N/A       1%          2
 Wereblood                Tmut           37%        N/A       1%          2
 Dazzling Flash           Conj/Hex       74%        N/A       1%          3
 Portal Projectile        Hex/Tloc       74%        N/A       1%          3
 Spider Form              Tmut/Pois      18%        N/A       1%          3
 Dispel Undead            Necr           37%        3d15      4%          4
 Iskenderun's Mystic Bla  Conj/Tloc      37%        2d9       4%          4
 Passage of Golubria      Tloc           N/A        N/A       4%          4
 Agony                    Necr           37%        N/A       13%         5
 Blade Hands              Tmut           18%        N/A       13%         5
 Excruciating Wounds      Necr           18%        N/A       13%         5
 Fireball                 Conj/Fire      18%        3d9       13%         5
 Iskenderun's Battlesphe  Conj           37%        2d9       13%         5
 Silence                  Hex/Air        18%        N/A       13%         5
 Conjure Ball Lightning   Conj/Air       18%        3x3d6     56%         6
 Death Channel            Necr           18%        N/A       56%         6
 Starburst                Conj/Fire      18%        6d7       56%         6
 Orb of Destruction       Conj           18%        9d8       98%         7
 Borgnjor's Revivificati  Necr           18%        N/A       100%        8
 Lehudib's Crystal Spear  Conj/Erth      18%        10d6      100%        8
 Necromutation            Tmut/Necr      18%        N/A       100%        8
 Death's Door             Necr           18%        N/A       100%        9


Dungeon Overview and Level Annotations

Branches:
Dungeon (10/15)            Temple (1/1) D:5            Lair (6/6) D:8
  Swamp (0/4) Lair:4        Snake (0/4) Lair:2        Slime (0/5) Lair:5
    Orc: D:9-12

Altars:
Ashenzari
Cheibriados
Elyvilon
Fedhas
Gozag
Hepliaklqana
Kikubaaqudgha
Makhleb
Nemelex Xobeh
Okawaru
Qazlal
Ru
Sif Muna
Trog
Uskayaw
Vehumet
Wu Jian
Xom
Yredelemnul
Zin
The Shining One
Jiyva

Shops:
D:6 ?

Annotations:
D:6 13 exclusions
D:7 2 runed translucent doors
Lair:2 3 exclusions


Innate Abilities, Weirdness & Mutations

You have very sharp teeth.
Your uncanny sense of smell can sniff out nearby items.
Your experience applies equally to all skills.


Message History

Your seven-headed hydra zombie barely misses the yak. x2
Your seven-headed hydra zombie bites the yak but does no damage.
Your seven-headed hydra zombie bites the yak.
Your seven-headed hydra zombie barely misses the yak. x2
The yak misses you.
You riposte.
You slash the yak! You burn the yak.
The yak is moderately wounded.
The death yak gores you!
* * * LOW HITPOINT WARNING * * *
The yak gores your blink frog zombie.
The yak gores your seven-headed hydra zombie.
Your blink frog zombie hits the yak!
Your seven-headed hydra zombie bites the yak.
Your seven-headed hydra zombie bites the yak!
Your seven-headed hydra zombie closely misses the yak.
Your seven-headed hydra zombie bites the yak but does no damage.
Your seven-headed hydra zombie bites the yak.
Your seven-headed hydra zombie completely misses the yak.
Your seven-headed hydra zombie bites the yak.
The death yak gores your blink frog zombie!!
Your blink frog zombie is destroyed!
You feel much better. The yak gores you but does no damage.
The yak gores your seven-headed hydra zombie!
The yak closely misses you.
Your seven-headed hydra zombie bites the yak.
Your seven-headed hydra zombie barely misses the yak.
Your seven-headed hydra zombie bites the yak.
Your seven-headed hydra zombie bites the yak!
Your seven-headed hydra zombie bites the yak but does no damage.
Your seven-headed hydra zombie closely misses the yak.
Your seven-headed hydra zombie bites the yak.
The yak dies!
Yredelemnul accepts your kill.
You call on the dead to rise...
The dead are walking!
The yak gores you!
* * * LOW HITPOINT WARNING * * *
The yak gores you.
* * * LOW HITPOINT WARNING * * *
The death yak gores you but does no damage.
The death yak gores you!
You die...
Your body rises from the dead as a mindless zombie.

......P#########.#.#####.###.....
#......#####.#.....#.##.#.##.....
.................................
.................................
.................................
.................................
.................................
....................########....#
##....P##.#.#.YY@Y#..#####.....##
##....##P.###..YYY..##P...#P....#
......P#...#...>...##.Z..###..<.#
.#..........#.ZZ...#.....P#......
.+....P...................#.....#
...................#.....##....##
#......P..........##.....##.....#
......##...#......###.....#....P.
......###+.........##.#..#.......


You could see 3 death yaks, 3 yaks, a friendly seven-headed hydra zombie and a
friendly yak zombie.

Vanquished Creatures
  Harold (D:8)
  A hydra (Lair:3)
  A death yak (Lair:6)
  An elephant (Lair:2)
  A gargoyle (D:10)
  Joseph (Lair:1)
  A black mamba (Lair:3)
  5 cane toads
  3 rime drakes
  2 komodo dragons (Lair:1)
  A troll (D:10)
  A polar bear (Lair:2)
  3 blink frogs (Lair:5)
  7 yaks
  A wyvern (Lair:5)
  2 steam dragons
  A naga (Lair:2)
  4 water moccasins
  2 swamp worms (Lair:4)
  A sky beast (D:8)
  4 wolves
  A centaur (D:7)
  A kobold brigand (D:10)
  6 bullfrogs
  A wyvern zombie (D:8)
  A water moccasin skeleton (D:4)
  4 wights
  2 centaur zombies
  3 orc wizards
  A hound skeleton (D:4)
  3 gnolls
  A howler monkey skeleton (D:7)
  2 ufetubi
  A worm (D:5)
  3 dart slugs (D:1)
  7 orcs
  2 bats
  An endoplasm (D:2)
  4 giant cockroaches
  2 hobgoblins
  A kobold (D:1)
  2 quokkas (D:2)
  A ball python (D:2)
  A goblin (D:1)
  2 rats
97 creatures vanquished.

Vanquished Creatures (collateral kills)
  4 hydras
  A two-headed ogre (D:9)
  Erica (Lair:2)
  5 death yaks
  4 elephants (Lair:2)
  9 cane toads
  A rime drake (Lair:6)
  Maggie (Lair:2)
  2 komodo dragons
  A hornet (D:8)
  Grinder (D:5)
  3 blink frogs (Lair:5)
  A shadow (D:8)
  2 wyverns
  4 basilisks
  24 yaks
  A steam dragon (D:9)
  Edmund (D:6)
  2 nagas (Lair:2)
  An acid dragon (D:10)
  13 water moccasins
  A sky beast (D:7)
  5 orc warriors
  2 ogres
  2 necrophages
  14 wolves
  2 centaurs
  2 phantoms (D:5)
  A kobold brigand (D:7)
  11 bullfrogs
  2 gnoll sergeants
  A scorpion (D:4)
  A water moccasin skeleton (D:4)
  5 wights
  2 howler monkeys
  3 centaur zombies
  3 bullfrog zombies
  2 orc priests
  3 jellies (D:6)
  2 gnoll shamans
  2 bullfrog skeletons
  A hound (D:6)
  Jessica (D:2)
  A swamp worm zombie (Lair:4)
  4 orc wizards
  2 iguanas
  2 killer bee zombies
  15 gnolls
  3 adders
  2 worms
  2 dart slugs
  20 orcs
  10 ball pythons
  4 bats
  4 endoplasms
  2 giant cockroaches
  6 goblins
  5 hobgoblins
  5 jackals (D:3)
  4 kobolds
  2 quokkas
  3 frilled lizards
  A gnoll zombie (D:9)
  6 rats
  A steam dragon zombie (Lair:4)
254 creatures vanquished.

Vanquished Creatures (others)
  A hydra (Lair:5)
  A death yak (Lair:4)
  A phantasmal warrior (Lair:6)
  2 flying skulls (Lair:5)
  A vampire (Lair:4)
  A wraith (Lair:3)
  A wight (Lair:3)
  A death yak zombie (Lair:4)
  A hydra zombie (Lair:5)
  A death yak skeleton (Lair:4)
  5 cane toad zombies
  2 mummies (Lair:2)
  2 elephant zombies (Lair:2)
  7 bullfrog zombies
  A centaur zombie (D:9)
  2 blink frog zombies (Lair:5)
  A komodo dragon zombie (Lair:1)
  3 water moccasin zombies
  2 rime drake zombies (Lair:6)
  2 yak zombies (Lair:2)
  2 gnoll zombies
  7 orc zombies
  A sky beast zombie (D:8)
  A steam dragon zombie (D:9)
  6 wolf zombies (Lair:1)
  58 fungi
  88 plants
201 creatures vanquished.

Grand Total: 552 creatures vanquished

Notes
Turn   | Place    | Note
-------+----------+-------------------------------------------
     0 | D:1      | Twinkles the Gnoll Summoner began the quest for the Orb.
     0 | D:1      | Reached XP level 1. HP: 13/13 MP: 6/6
   295 | D:1      | Reached XP level 2. HP: 11/19 MP: 4/7
   737 | D:1      | Learned a level 2 spell: Call Imp
  1015 | D:1      | Found a faded altar of an unknown god.
  1089 | D:1      | Reached XP level 3. HP: 25/25 MP: 9/9
  1091 | D:1      | Reached skill level 5 in Spellcasting
  1189 | D:2      | Found an ancient bone altar of Kikubaaqudgha.
  1369 | D:2      | Learned a level 3 spell: Call Canine Familiar
  1512 | D:2      | Noticed Jessica
  1749 | D:2      | Killed Jessica
  1750 | D:2      | Reached skill level 1 in Invocations
  1879 | D:2      | Reached skill level 1 in Fighting
  1879 | D:2      | Reached skill level 1 in Short Blades
  1879 | D:2      | Reached skill level 1 in Long Blades
  1879 | D:2      | Reached skill level 1 in Axes
  1879 | D:2      | Reached skill level 1 in Maces & Flails
  1879 | D:2      | Reached skill level 1 in Polearms
  1879 | D:2      | Reached skill level 1 in Staves
  1879 | D:2      | Reached skill level 1 in Slings
  1879 | D:2      | Reached skill level 1 in Bows
  1879 | D:2      | Reached skill level 1 in Crossbows
  1879 | D:2      | Reached skill level 1 in Throwing
  1879 | D:2      | Reached skill level 1 in Armour
  1879 | D:2      | Reached skill level 1 in Shields
  1879 | D:2      | Reached skill level 1 in Unarmed Combat
  1879 | D:2      | Reached skill level 1 in Evocations
  2259 | D:3      | Reached XP level 4. HP: 32/32 MP: 4/11
  2651 | D:3      | HP: 7/32 [orc (4)]
  2655 | D:3      | Reached skill level 1 in Conjurations
  2655 | D:3      | Reached skill level 1 in Hexes
  2655 | D:3      | Reached skill level 1 in Necromancy
  2655 | D:3      | Reached skill level 1 in Translocations
  2655 | D:3      | Reached skill level 1 in Transmutations
  2655 | D:3      | Reached skill level 1 in Fire Magic
  2655 | D:3      | Reached skill level 1 in Ice Magic
  2655 | D:3      | Reached skill level 1 in Air Magic
  2655 | D:3      | Reached skill level 1 in Earth Magic
  2655 | D:3      | Reached skill level 1 in Poison Magic
  2925 | D:3      | Found an ornate altar of the Wu Jian Council.
  3102 | D:3      | Found a broken altar of Ashenzari.
  3119 | D:3      | Reached XP level 5. HP: 16/37 MP: 10/12
  3555 | D:4      | Noticed a necrophage
  3611 | D:4      | Noticed an ogre
  3621 | D:4      | Killed an ogre
  3717 | D:4      | Killed a necrophage
  3718 | D:4      | Reached XP level 6. HP: 44/44 MP: 11/13
  3895 | D:4      | Reached skill level 5 in Dodging
  4069 | D:4      | Noticed an orc warrior
  4105 | D:4      | Killed an orc warrior
  4637 | D:5      | Entered Level 5 of the Dungeon
  4894 | D:5      | Reached XP level 7. HP: 50/50 MP: 8/15
  5634 | D:5      | Noticed Grinder
  5646 | D:5      | Killed Grinder
  5647 | D:5      | Reached skill level 5 in Stealth
  5857 | D:5      | Found a staircase to the Ecumenical Temple.
  5864 | Temple   | Entered the Ecumenical Temple
  5936 | Temple   | Became a worshipper of Yredelemnul the Dark
  6077 | D:6      | Found Ohabrug's Magic Scroll Shoppe.
  6079 | D:6      | Noticed Edmund
  6110 | D:6      | Killed Edmund
  6175 | D:6      | Bought a scroll of identify for 22 gold pieces
  6175 | D:6      | Bought a scroll of teleportation for 33 gold pieces
  6234 | D:6      | HP: 14/51 [electric eel/bolt of electricity (8)]
  6362 | D:6      | Reached XP level 8. HP: 57/57 MP: 13/16
  6674 | D:6      | Found a sparkling altar of Nemelex Xobeh.
  6875 | D:6      | Noticed a troll
  7158 | D:6      | Bought a scroll of blinking for 82 gold pieces
  7400 | D:7      | Reached * piety under Yredelemnul
  7479 | D:7      | Found a snail-covered altar of Cheibriados.
  7869 | D:7      | Found a runed translucent door.
  7878 | D:7      | HP: 11/58 [orc warrior (13)]
  7891 | D:7      | Found a runed translucent door.
  8245 | D:8      | Noticed a shadow
  8256 | D:8      | Killed a shadow
  8296 | D:8      | Learned a level 4 spell: Summon Lightning Spire
  8372 | D:8      | Noticed a yak
  8376 | D:8      | Noticed a yak
  8378 | D:8      | Noticed a yak
  8378 | D:8      | Noticed a yak
  8383 | D:8      | Killed a yak
  8384 | D:8      | Reached XP level 9. HP: 59/65 MP: 12/18
  8385 | D:8      | Noticed Harold
  8878 | D:8      | Reached ** piety under Yredelemnul
  9247 | D:8      | Noticed a hornet
  9255 | D:8      | Killed a hornet
  9333 | D:8      | Found a staircase to the Lair.
  9351 | D:8      | HP: 11/66 [Harold (22)]
  9351 | D:8      | HP: 1/66 [Harold (10)]
  9356 | D:8      | Killed Harold
  9357 | D:8      | Reached skill level 5 in Invocations
  9367 | D:8      | HP: 13/66 [wight (8)]
  9387 | D:8      | Reached XP level 10. HP: 36/73 MP: 1/20
  9981 | D:9      | Found a burning altar of Makhleb.
 10017 | D:9      | Noticed a two-headed ogre
 10080 | D:9      | Reached skill level 5 in Fighting
 10080 | D:9      | Reached skill level 5 in Short Blades
 10080 | D:9      | Reached skill level 5 in Long Blades
 10080 | D:9      | Reached skill level 5 in Axes
 10080 | D:9      | Reached skill level 5 in Maces & Flails
 10080 | D:9      | Reached skill level 5 in Polearms
 10080 | D:9      | Reached skill level 5 in Staves
 10080 | D:9      | Reached skill level 5 in Slings
 10080 | D:9      | Reached skill level 5 in Bows
 10080 | D:9      | Reached skill level 5 in Crossbows
 10080 | D:9      | Reached skill level 5 in Throwing
 10080 | D:9      | Reached skill level 5 in Armour
 10080 | D:9      | Reached skill level 5 in Shields
 10080 | D:9      | Reached skill level 5 in Unarmed Combat
 10080 | D:9      | Reached skill level 5 in Evocations
 10088 | D:9      | Found a hide-covered altar of Uskayaw.
 10420 | D:9      | Learned a level 3 spell: Summon Guardian Golem
 10798 | D:9      | Killed a two-headed ogre
 10849 | D:9      | Learned a level 3 spell: Swiftness
 10963 | D:10     | Entered Level 10 of the Dungeon
 11055 | D:10     | Noticed a fire dragon
 11102 | D:10     | Noticed a gargoyle
 11148 | D:10     | Killed a gargoyle
 11148 | D:10     | Reached *** piety under Yredelemnul
 11694 | Lair:1   | Entered Level 1 of the Lair of Beasts
 11768 | Lair:1   | Noticed Joseph
 11853 | Lair:1   | Noticed a cane toad
 11861 | Lair:1   | Killed a cane toad
 11926 | Lair:1   | Killed Joseph
 12042 | Lair:1   | Noticed a cane toad
 12063 | Lair:1   | Killed a cane toad
 12147 | Lair:1   | Noticed a cane toad
 12161 | Lair:1   | Killed a cane toad
 12164 | Lair:1   | HP: 20/76 [poisoned by a cane toad]
 12169 | Lair:1   | HP: 16/76 [poisoned by a cane toad]
 12264 | Lair:1   | Reached XP level 11. HP: 75/81 MP: 17/22
 12297 | Lair:1   | Learned a level 4 spell: Airstrike
 12476 | Lair:1   | HP: 22/81 [poisoned by a cane toad]
 12481 | Lair:1   | HP: 14/81 [poisoned by a cane toad]
 12484 | Lair:1   | HP: 4/81 [cane toad (11)]
 12485 | Lair:1   | HP: 1/81 [poisoned by a cane toad]
 12490 | Lair:1   | Reached skill level 5 in Conjurations
 12490 | Lair:1   | Reached skill level 5 in Hexes
 12490 | Lair:1   | Reached skill level 5 in Necromancy
 12490 | Lair:1   | Reached skill level 5 in Translocations
 12490 | Lair:1   | Reached skill level 5 in Transmutations
 12490 | Lair:1   | Reached skill level 5 in Fire Magic
 12490 | Lair:1   | Reached skill level 5 in Ice Magic
 12490 | Lair:1   | Reached skill level 5 in Air Magic
 12490 | Lair:1   | Reached skill level 5 in Earth Magic
 12490 | Lair:1   | Reached skill level 5 in Poison Magic
 13008 | Lair:1   | Received a gift from Yredelemnul (a mummy)
 14071 | Lair:2   | Received a gift from Yredelemnul (a mummy)
 14140 | Lair:2   | Reached **** piety under Yredelemnul
 14156 | Lair:2   | Found a staircase to the Snake Pit.
 14636 | Lair:2   | Noticed Erica
 14668 | Lair:2   | Killed Erica
 14727 | Lair:2   | Noticed Maggie
 14736 | Lair:2   | Killed Maggie
 15301 | Lair:3   | Noticed a six-headed hydra
 15320 | Lair:3   | Killed a four-headed hydra
 15326 | Lair:3   | Received a gift from Yredelemnul (a wight)
 15328 | Lair:3   | HP: 18/83 [cane toad (14)]
 15329 | Lair:3   | HP: 7/83 [cane toad (13)]
 15331 | Lair:3   | Reached XP level 12. HP: 8/89 MP: 6/24
 15648 | Lair:3   | Received a gift from Yredelemnul (a wraith)
 16059 | Lair:3   | Noticed a seven-headed hydra
 16070 | Lair:3   | Killed a seven-headed hydra
 16879 | Lair:4   | Received a gift from Yredelemnul (a vampire)
 16976 | Lair:4   | Learned a level 2 spell: Passwall
 16982 | Lair:4   | Learned a level 5 spell: Lee's Rapid Deconstruction
 17700 | Lair:4   | Noticed a death yak
 17772 | Lair:4   | Noticed a death yak
 17773 | Lair:4   | Noticed a death yak
 17773 | Lair:4   | Noticed a death yak
 18171 | Lair:4   | Noticed an eight-headed hydra
 18188 | Lair:4   | HP: 22/91 [seven-headed hydra (6)]
 18218 | Lair:4   | Killed a seven-headed hydra
 18396 | Lair:4   | Killed a death yak
 18411 | Lair:4   | Killed a death yak
 18561 | Lair:4   | Killed a death yak
 18562 | Lair:4   | Killed a death yak
 18787 | Lair:4   | Noticed a seven-headed hydra
 18800 | Lair:4   | Killed a five-headed hydra
 18831 | Lair:4   | Found a staircase to the Swamp.
 19677 | Lair:5   | Noticed an eight-headed hydra
 19693 | Lair:5   | Killed an eight-headed hydra
 19694 | Lair:5   | Received a gift from Yredelemnul (2 flying skulls)
 19719 | Lair:5   | Found a staircase to the Slime Pits.
 19721 | Lair:5   | Found a viscous altar of Jiyva.
 19961 | Lair:5   | Noticed a seven-headed hydra
 19969 | Lair:5   | Killed a seven-headed hydra
 20276 | Lair:6   | Entered Level 6 of the Lair of Beasts
 20367 | Lair:6   | Found a bloodstained altar of Trog.
 20376 | Lair:6   | Noticed a death yak
 20376 | Lair:6   | Noticed a death yak
 20376 | Lair:6   | Noticed a death yak
 20418 | Lair:6   | Noticed a death yak
 20419 | Lair:6   | Killed a death yak
 20420 | Lair:6   | Reached XP level 13. HP: 98/98 MP: 20/26
 20435 | Lair:6   | Received a gift from Yredelemnul (a phantasmal warrior)
 20571 | Lair:6   | HP: 10/98 [death yak (26)]
 20573 | Lair:5   | HP: 3/98 [death yak (10)]
 20576 | Lair:5   | Slain by a death yak

Illustrated notes

Levels and vault maps discovered:
D:1:      dpeg_arrival_oval, layout_basic, shapermc_ecumenical_altar_flowoftime
D:2:      layout_loops_cross, basic_altar, grunt_ministairs_15, minivault_25,
          nrook_campfire, corexii_hall_statues_x, uniq_jessica
D:3:      layout_basic, ashenzari_altar_1, nicolae_wu_jian_glorious_leap
D:4:      layout_basic
D:5:      layout_loops_cross, temple_doors_ab, uniq_grinder
D:6:      layout_loops_ring, mainiacjoe_overflow_paths, serial_bayou,
          serial_bayou_pond_b, serial_bayou_ford_a, serial_bayou_pond_e,
          serial_bayou_crossing, serial_bayou_pond_d, serial_shops,
          shop_fountains, uniq_edmund
D:7:      lemuel_insect_pit, layout_rooms, mainiacjoe_overflow_boulevard,
          kennysheep_generic_room_10
D:8:      layout_basic, minmay_lair_entry_grove, chequers_arboretum,
          kennysheep_donut, uniq_harold
D:9:      layout_loops_cross, bloody_makhleb, mainiacjoe_overflow_tiny_flanked,
          hive_lemuel
D:10:     minmay_clustersquares, layout_small_grid,
          lemuel_coloured_pillars_altar, library_closet,
          kennysheep_cross_bottleneck
Temple:   regret_index_temple_waves
Lair:1:   layout_hall_layers, lemuel_fruit_fields, uniq_joseph
Lair:2:   layout_gridlike, guppyfry_snake_entry_garden, st_stairs_6,
          uniq_maggie, uniq_erica
Lair:3:   layout_cave_pods, special_room, st_stairs_12
Lair:4:   layout_regular_city, palyth_hydra_swamp_entry, grunt_megastairs_4,
          lemuel_fruit_tree
Lair:5:   layout_regular_city, slime_altar_1
Lair:6:   evilmike_catoblepas_cave, layout_small_grid, basic_altar,
          grunt_megastairs_3

Skill      XL: |  1  2  3  4  5  6  7  8  9 10 11 12 |
---------------+-------------------------------------+-----
Spellcasting   | 5 6 7 8 9 |  9.4
Invocations    | 1 2 3 4 5 6 7 8 |  8.7
Fighting       | 1 2 3 4 5 6 7 |  7.9
Short Blades   | 1 2 3 4 5 6 7 |  7.9
Long Blades    | 1 2 3 4 5 6 7 |  7.9
Axes           | 1 2 3 4 5 6 7 |  7.9
Maces & Flails | 1 2 3 4 5 6 7 |  7.9
Polearms       | 1 2 3 4 5 6 7 |  7.9
Staves         | 1 2 3 4 5 6 7 |  7.9
Slings         | 1 2 3 4 5 6 7 |  7.9
Bows           | 1 2 3 4 5 6 7 |  7.9
Crossbows      | 1 2 3 4 5 6 7 |  7.9
Throwing       | 1 2 3 4 5 6 7 |  7.9
Armour         | 1 2 3 4 5 6 7 |  7.9
Shields        | 1 2 3 4 5 6 7 |  7.9
Unarmed Combat | 1 2 3 4 5 6 7 |  7.9
Evocations     | 1 2 3 4 5 6 7 |  7.9
Conjurations   | 1 2 3 4 5 6 |  6.6
Hexes          | 1 2 3 4 5 6 |  6.6
Necromancy     | 1 2 3 4 5 6 |  6.6
Translocations | 1 2 3 4 5 6 |  6.6
Transmutations | 1 2 3 4 5 6 |  6.6
Fire Magic     | 1 2 3 4 5 6 |  6.6
Ice Magic      | 1 2 3 4 5 6 |  6.6
Air Magic      | 1 2 3 4 5 6 |  6.6
Earth Magic    | 1 2 3 4 5 6 |  6.6
Poison Magic   | 1 2 3 4 5 6 |  6.6
Dodging        | 5 6 7 8 9 |  9.2
Stealth        | 5 6 7 8 9 |  9.0
Summonings     | 8 9 |  9.7

Action                   |  1- 3 |  4- 6 |  7- 9 | 10-12 | 13-15 || total
-------------------------+-------+-------+-------+-------+-------++-------
Melee: Unarmed           |    12 |       |       |       |       ||    12
       Great sword       |    30 |    37 |       |       |       ||    67
       Bite              |     2 |     2 |    13 |    36 |       ||    53
       Dagger            |       |     1 |       |       |       ||     1
       Quarterstaff      |       |       |    53 |       |       ||    53
       Dire flail        |       |       |    86 |   236 |       ||   322
       Scimitar          |       |       |       |   108 |     1 ||   109
       Punch             |       |       |       |     8 |     1 ||     9
Throw: Dart              |       |       |     4 |     3 |       ||     7
       Javelin           |       |       |       |     1 |       ||     1
 Cast: Summon Small Mamm |    21 |     4 |     2 |     1 |       ||    28
       Call Imp          |     7 |    20 |    50 |    75 |     1 ||   153
       Call Canine Famil |     6 |    20 |    53 |    71 |     2 ||   152
       Summon Lightning  |       |       |     6 |    46 |     2 ||    54
       Airstrike         |       |       |       |     3 |     2 ||     5
       Lee's Rapid Decon |       |       |       |     8 |       ||     8
       Summon Guardian G |       |       |       |     7 |       ||     7
Invok: Animate Remains   |       |       |    10 |     9 |       ||    19
       Animate Dead      |       |       |       |    30 |     1 ||    31
Evoke: Wand              |       |       |     4 |       |       ||     4
  Use: Scroll            |       |       |     6 |     9 |       ||    15
       Potion            |       |       |       |     1 |     1 ||     2
 Stab: Sleeping          |     5 |     1 |     4 |     5 |       ||    15
       Distracted        |       |     1 |     3 |     8 |       ||    12
Armor: Robe              |     7 |     9 |       |       |       ||    16
       Leather armour    |       |     7 |    39 |     3 |       ||    49
       Steam dragon scal |       |       |       |   113 |     4 ||   117
Dodge: Dodged            |    33 |    26 |   105 |   333 |    12 ||   509
       Rpst.: Great sword |     9 |     7 |       |       |       ||    16
       Scimitar          |       |       |       |    31 |     4 ||    35
